AoeStats
← Tierra y Libertad

Arabia

505103527Analyzed
1v1 RM · 25d ago on Sep 7, 2026· 54m 34s· 2 players
Game mode
Random Map
Map size
Tiny (2 player)
Population
200
Speed
Normal
Resources
Standard
Victory
Conquest
Starting age
Dark Age
Ending age
Imperial Age
RankedLock teamsTeams togetherTeam positionsShared explorationLock speedFull tech treeHidden civsTurbo modeCheats
Victory
Defeat
🇩🇪 Tatars · Germany
758
+16
🇹🇷 Dravidians · Türkiye
753
-16
Tierra y Libertad
6:59 Loom
9:40 Feudal Age
10:39 Double-Bit Axe
13:25 Horse Collar
23:00 Castle Age
24:01 Thumb Ring
24:03 Padded Archer Armor
23:53 Fletching
25:20 Bow Saw
25:12 Heavy Plow
36:19 Gold Mining
42:12 Imperial Age
42:02 Ballistics
42:36 Elite Elephant Archer
47:59 Guilds
52:54 Two-Man Saw
52:40 Elite Skirmisher
53:19 Bodkin Arrow
53:47 Leather Archer Armor
heiko.hildebrandt
3:03 Loom
10:28 Feudal Age
20:30 Castle Age
18:25 Fletching
19:51 Stone Mining
20:06 Gold Mining
25:22 Bodkin Arrow
28:26 Ballistics
28:22 Padded Archer Armor
29:37 Leather Archer Armor
30:14 Wheelbarrow
33:46 Hand Cart
33:18 Town Watch
37:55 Imperial Age
36:20 Silk Armor
38:38 Bracer
39:09 Ring Archer Armor
38:50 Forging
38:45 Scale Barding Armor
40:22 Conscription
41:09 Heavy Cavalry Archer
42:08 Bloodlines
41:59 Husbandry
45:26 Chemistry
44:38 Masonry
44:24 Murder Holes
44:10 Treadmill Crane
45:53 Onager
49:05 Iron Casting
48:51 Chain Barding Armor
48:32 Scale Mail Armor
52:51 Light Cavalry
Connection lost

Rejoining the realm…

Still unreachable

The connection could not be restored.

Session expired

The server has moved on; the page needs a fresh start.